[Event "Late-Titled-Tuesday-Blitz-March-12-2024"]
[Site "Chess.com"]
[Date "2024.03.12"]
[Round "9"]
[White "Cmorales2001"]
[Black "GWR2024"]
[Result "1-0"]
[WhiteElo "2379"]
[BlackElo "2182"]
[TimeControl "180+1"]
[EndTime "15:43:47 PDT"]
[Termination "Cmorales2001 won on time"]

1. e4 e5 2. Nf3 d5 3. d4 dxe4 4. Nxe5 Bd6 5. Nc4 Nf6 6. Be2 O-O 7. O-O Nc6 8. c3 Bf5 9. Bg5 Be7 10. Nbd2 Nd5 11.
Bxe7 Qxe7 12. Ne3 Nxe3 13. fxe3 Bg6 14. Bb5 Qg5 15. Qe2 Bh5 16. Nxe4 Bxe2 17. Nxg5 Bxb5 18. Rf5 Bd3 19. Rc5 h6 20. Nf3 Rae8 21. Kf2 Be4 22. Nd2 f5 23. Nxe4 fxe4+ 24. Ke2 Rf6 25. Rf1 Rxf1 26. Kxf1 Rf8+ 27. Ke2 Rf6 28. b4 b6 29. Rc4 Kf8 30. b5 Ne7 31. Rxc7 Nd5 32. Rc8+ Ke7 33. c4 Nc3+ 34. Kd2 Nxa2 35. Rc7+ Kf8 36.
Rxa7 Rf2+ 37. Ke1 Rxg2 38. c5 bxc5 39. dxc5 Nc3 40. b6 Rb2 41. b7 Nd5 42. Ra8+ Ke7 43.
b8=Q Rxb8 44. Rxb8 Nxe3 45. Rb7+ Ke6 46. Rxg7 Kd5 47.
Rg6 Kxc5 48. Rxh6 Kd4 49. Ke2 Ng4 50. Rh5 Nf6 51. Rg5 e3 52. h4 Ne4 53. Rg4 Ke5 54.
Kxe3 Nf6 55. Rg5+ Ke6 56. Ra5 Kf7 57. Kf4 Kg6 58. Rg5+ Kh6 59. Rf5 Nh5+ 60. Kg4 Ng7 61. Rf6+ Kh7 62. Kg5 Ne8 63. Rf7+ Ng7 64. Re7 Kh8 65.
Kg6 1-0

[Event "Late-Titled-Tuesday-Blitz-March-12-2024"]
[Site "Chess.com"]
[Date "2024.03.12"]
[Round "9"]
[White "ansko1999"]
[Black "Rawnsdale"]
[Result "1/2-1/2"]
[WhiteElo "2676"]
[BlackElo "2533"]
[TimeControl "180+1"]
[EndTime "15:43:54 PDT"]
[Termination "Game drawn by repetition"]

1. Nf3 d5 2. e3 Nf6 3. c4 e6 4. Nc3 Be7 5. b3 O-O 6. d4 Nbd7 7. Bd3 c5 8. cxd5 Nxd5 9. Nxd5 exd5 10. O-O Nf6 11. dxc5 Bxc5 12. Bb2 Bg4 13. h3 Bh5 14. Rc1 Bd6 15. Bb1 Bg6 16. Bxf6 Qxf6 17. Bxg6 hxg6 18. Qxd5 Qe7 19. Rc2 Rfd8 20. Qg5 Qe8 21. Rfc1 Rac8 22.
Nd4 a6 23. h4 Rxc2 24. Rxc2 Be5 25. Qg4 Bxd4 26. exd4 Qe1+ 27. Kh2 Qa1 28. Rd2 Qc3 29. Qd1 Rd5 30. g3 Kh7 31. Kg2 Qc6 32. Qf3 Qd6 33. Qe4 f5 34. Qf4 Qe6 35. Qf3 b5 36. Rd3 a5 37. a3 Qd6 38. Qf4 Qxa3 39. h5 Qe7 40. hxg6+ Kxg6 41. Re3 Qd6 42. Qxd6+ Rxd6 43. Re5 Rb6 44. Rd5 Kf6 45. f4 Ke6 46. Re5+ Kf6 47. Kf3 g6 48. Rc5 a4 49. bxa4 bxa4 50. Ra5 Rb3+ 51.
Kf2 a3 52. Ra6+ Kf7 53. d5 Rd3 54. Ke2 Rxd5 55. Rxa3 Kg7 56. Kf3 Kh6 57. Re3 Kh5 58. Rb3 Rd1 59. Rb8 Kh6 60. Rh8+ Kg7 61. Rb8 Rd3+ 62.
Kg2 Rc3 63. Kh3 Rc1 64. Rb7+ Kh6 65. Kg2 Rc3 66. Kf2 Rc2+ 67. Kf3 Rc1 68. Kg2 Rc2+ 69. Kh3 Rc1 70. Ra7 Rc3 71. Kg2 Rc6 72. Kf3 g5 73. fxg5+ Kxg5 74. Rg7+ Kf6 75. Rg8 Rc3+ 76. Kf4 Rc4+ 77.
Kf3 Rc3+ 78. Kf4 Rc4+ 79. Kf3 Rc3+ 1/2-1/2

[Event "Late-Titled-Tuesday-Blitz-March-12-2024"]
[Site "Chess.com"]
[Date "2024.03.12"]
[Round "9"]
[White "prochn"]
[Black "NMJeevanK"]
[Result "0-1"]
[WhiteElo "2470"]
[BlackElo "2614"]
[TimeControl "180+1"]
[EndTime "15:43:56 PDT"]
[Termination "NMJeevanK won on time"]

1. d4 g6 2. g3 Bg7 3. Bg2 d6 4. c4 Nf6 5. Nf3 O-O 6. O-O c6 7. Nc3 Bf5 8. Nh4 Be6 9. b3 d5 10. cxd5 cxd5 11. Nf3 Nc6 12. Ne5 Rc8 13. Nxc6 bxc6 14.
Na4 Ne4 15. Ba3 Bf5 16. Rc1 Re8 17. Bb2 Qd7 18. Nc5 Nxc5 19. Rxc5 e5 20. e3 e4 21. Qc2 Bf8 22. Ra5 Bb4 23. Ra4 c5 24. Qe2 cxd4 25. Bxd4 Bc5 26. Qa6 Rc6 27. Qa5 Bb6 28.
Bxb6 axb6 29. Qb5 Rec8 30. Rd4 Be6 31. h4 h5 32. a4 Qd8 33. Bxe4 Rc5 34. Qb4 Qf6 35. Bg2 R8c6 36. Rf4 Qb2 37. Rd1 Qe2 38. Qd2 Qa6 39. Rd4 Rd6 40. Qd3 Qc8 41. b4 Rc3 42. Qb5 Bd7 43. Qe2 Bxa4 44. Rxd5 Bxd1 45. Qxd1 Rc1 46. Rxd6 Rxd1+ 47. Rxd1 Qc4 48. Rb1 Qd3 49.
Rb2 Qd1+ 50. Bf1 Qc1 51. Rb3 Qc2 52. Rd3 Qb2 53. Rd8+ Kg7 54. b5 Qe5 55. Rd4 Qc5 56. Rf4 f5 57. Rd4 Kf6 58. Rf4 Ke5 59. Rd4 Qc1 60.
Kg2 Kf6 61. Kg1 Qc7 62. Kg2 g5 63. hxg5+ Kxg5 64. Kg1 Qc5 65. Kg2 Qe5 66. Kg1 Qe7 67. Rf4 Qc5 68. Rh4 Qc1 0-1

[Event "Late-Titled-Tuesday-Blitz-March-12-2024"]
[Site "Chess.com"]
[Date "2024.03.12"]
[Round "9"]
[White "baki83"]
[Black "NelsonLinda"]
[Result "1/2-1/2"]
[WhiteElo "2830"]
[BlackElo "2648"]
[TimeControl "180+1"]
[EndTime "15:43:58 PDT"]
[Termination "Game drawn by repetition"]

1. e4 c5 2. Nf3 e6 3. c3 b6 4. d4 Bb7 5. Bd3 d5 6. e5 Ne7 7. O-O Qd7 8. b4 Ba6 9. bxc5 Bxd3 10.
Qxd3 bxc5 11. Ba3 c4 12. Qc2 Ng6 13. Bxf8 Nxf8 14. Nbd2 Ng6 15. g3 O-O 16. h4 h6 17.
h5 Ne7 18. Nh4 Nbc6 19. f4 Nf5 20. Nxf5 exf5 21. Nf3 Rab8 22. Nh4 Ne7 23. g4 fxg4 24. f5 f6 25. Rae1 Qe8 26. exf6 Rxf6 27. Ng6 Rb7 28. Qe2 Qb8 29. Qg2 Nxf5 30. Re5 Ne3 31. Rxe3 Rxf1+ 32. Kxf1 Rb1+ 33. Re1 Rxe1+ 34. Kxe1 Qb1+ 35. Kf2 Qc2+ 36. Kg1 Qc1+ 37. Kh2 Kh7 38. Qxd5 Qd2+ 39. Qg2 Qxc3 40. Qxg4 Qd2+ 41. Kh3 c3 42. Ne5 Qe3+ 43. Kg2 Qd2+ 44.
Kh3 Qe3+ 45. Kg2 Qd2+ 46. Kf3 c2 47. Qg6+ Kg8 48. Qf7+ Kh7 49. Qf5+ Kg8 50. Nd3 Qd1+ 51. Ke4 Qe2+ 52. Kd5 Qxd3 53. Qxd3 c1=Q 54. Qb3 Qc7 55. Ke6 Kf8 56. d5 Qe7+ 57. Kf5 Qg5+ 58. Ke4 Qxh5 59. Qb8+ Ke7 60. Qxa7+ Kf6 61. Qb6+ Kf7 62. Qe6+ Kf8 63. d6 Qe2+ 64. Kd5 Qd3+ 65. Kc6 Qa6+ 66. Kc7 Qa7+ 67. Kd8 Qb8+ 68. Kd7 Qb7+ 69. Kd8 Qb8+ 70. Kd7 Qb7+ 71.
Kd8 Qb8+ 1/2-1/2

[Event "Late-Titled-Tuesday-Blitz-March-12-2024"]
[Site "Chess.com"]
[Date "2024.03.12"]
[Round "9"]
[White "IMRosen"]
[Black "ExchangeAB"]
[Result "0-1"]
[WhiteElo "2656"]
[BlackElo "2510"]
[TimeControl "180+1"]
[EndTime "15:44:09 PDT"]
[Termination "ExchangeAB won on time"]

1. e4 c6 2. d4 d5 3. Nc3 dxe4 4.
Nxe4 Nf6 5. Ng5 Bf5 6. N1f3 Bg6 7. Ne5 Nbd7 8. Qf3 Nxe5 9. dxe5 Qa5+ 10. Qc3 Qxc3+ 11.
bxc3 Nd5 12. e6 f6 13. Nf3 Bxc2 14. Nd4 Bg6 15. c4 Nc7 16. Bf4 O-O-O 17. O-O-O Rxd4 18. Rxd4 Nxe6 19. Be3 Nxd4 20. Bxd4 e5 21. Bxa7 Ba3+ 22. Kd2 Rd8+ 23. Kc3 Kc7 24. Be3 Rd1 25. g3 Be4 26. Rg1 Bd3 27. Bxd3 Rxg1 28. Bxh7 Bc1 29. Bc5 b6 30.
Bf8 Bh6 31. c5 Rg2 32. cxb6+ Kxb6 33. Kc4 Rxh2 34. Be4 Kc7 35. Bc5 Bd2 36. a4 Ba5 37.
f4 exf4 38. gxf4 Bb6 39. Bf8 Rh4 40. Bxg7 Rxf4 41. Kd3 Kd6 42. Bf8+ Kd7 43. Bh6 Rh4 44. Bg7 Rh3+ 45. Kd2 Rh2+ 46. Kd3 Rf2 47. a5 Bxa5 48. Bh6 Bc7 49. Be3 Rf1 50. Ke2 Ra1 51. Bd4 Be5 52. Bxa1 Bxa1 53. Bf5+ Kd6 54. Kd3 Be5 55. Be4 Kc5 56.
Kc2 Kb5 57. Bf5 c5 58. Be6 Kb4 59. Kd3 Kb5 60. Bc4+ Kc6 61. Ke4 Kd6 62. Bb3 Ba1 63.
Bc4 Ke7 64. Kf5 Bd4 65. Bb3 Kd7 66. Bc4 Kc7 67. Ke4 Kb6 68. Bd3 Ka5 69. Kd5 Kb4 70. Be2 Kc3 71. Ke6 Kb3 72. Kd5 Be3 73. Bd3 Kc3 74.
Be2 f5 75. Bf3 f4 76. Be2 Kb3 77. Bf1 Bd4 78. Ke4 Be3 79. Kd5 Kb2 80. Kc4 Kc1 81. Bg2 Kd2 0-1

[Event "Late-Titled-Tuesday-Blitz-March-12-2024"]
[Site "Chess.com"]
[Date "2024.03.12"]
[Round "9"]
[White "amiralfio"]
[Black "N4700000"]
[Result "1-0"]
[WhiteElo "2669"]
[BlackElo "2492"]
[TimeControl "180+1"]
[EndTime "15:44:21 PDT"]
[Termination "amiralfio won on time"]

1. d4 Nf6 2. Bf4 e6 3. Nc3 d5 4. e3 a6 5. Bd3 b5 6. a3 Bb7 7. Nge2 c5 8. dxc5 Bxc5 9. O-O O-O 10. Bg5 Be7 11. Ng3 Nc6 12. Qe2 Ne5 13.
Rad1 Nxd3 14. Rxd3 Qc7 15. Rfd1 Rac8 16. h4 h6 17.
Bxf6 Bxf6 18. Nh5 Be5 19. f4 Bd6 20. Qg4 f5 21. Qg6 Qf7 22. Qxf7+ Kxf7 23. Ng3 Rc7 24. Nge2 Rfc8 25. Nd4 Be7 26. Nf3 Bf6 27. Nd4 Bxh4 28. Nce2 Bf6 29. c3 g5 30. Kf2 Rh8 31. Rh1 g4 32. Ng3 Bc6 33. Rdd1 Be8 34. Nh5 Bxd4 35. exd4 Ke7 36. Rde1 Bxh5 37. Rxh5 Kf6 38. Rhh1 Rc6 39.
Re3 h5 40. Kg3 a5 41. Kh4 Kg6 42. Rhe1 Re8 43. Re5 Rd6 44. a4 bxa4 45. Ra1 Rb8 46. Re2 Kf6 47. Rxa4 Rb5 48. Kxh5 Rd8 49. Kh4 Rh8+ 50.
Kg3 Rh1 51. b4 axb4 52. cxb4 Rb1 53. Ra6 Rb3+ 54. Kh4 R5xb4 55. Raxe6+ Kf7 56. Re7+ Kf8 57. Re8+ Kf7 58. R2e7+ Kf6 59. Re6+ Kf7 60. R8e7+ Kf8 61. Ra7 Rb7 62. Ra8+ Kf7 63. Rh6 R3b6 64. Rh5 Rg6 65.
Rxf5+ Ke6 66. Re5+ Kd6 67. Rd8+ Kc6 68. Rdxd5 g3 69.
Rg5 Rh7+ 70. Kg4 Rf6 71. Kxg3 Rhf7 72. Rc5+ Kd6 73. f5 Rf8 74. Rg6 Rxg6+ 75. fxg6 Rg8 76. Rg5 1-0

[Event "Late-Titled-Tuesday-Blitz-March-12-2024"]
[Site "Chess.com"]
[Date "2024.03.12"]
[Round "9"]
[White "Machidon"]
[Black "Danito1954"]
[Result "1/2-1/2"]
[WhiteElo "2514"]
[BlackElo "2347"]
[TimeControl "180+1"]
[EndTime "15:44:22 PDT"]
[Termination "Game drawn by repetition"]

1. d4 d5 2. c4 Nc6 3. Nc3 Nf6 4. Nf3 e6 5. Bg5 Be7 6. e3 O-O 7. Rc1 h6 8. Bh4 a6 9. cxd5 Nxd5 10. Bg3 Nxc3 11. bxc3 Bd6 12. e4 e5 13. dxe5 Ba3 14.
Rc2 Qxd1+ 15. Kxd1 Be6 16. Nd4 Rfd8 17. Rd2 Nxd4 18.
cxd4 Bb4 19. d5 Bxd2 20. Kxd2 c6 21. d6 Bxa2 22. Bd3 Be6 23. f4 b5 24. Rc1 Rac8 25. Bf2 b4 26. f5 Ba2 27. Bb6 Rd7 28. Bc5 b3 29. Kc3 Re8 30. e6 fxe6 31. fxe6 Rxe6 32. Bc4 b2 33. Bxe6+ Bxe6 34. Kxb2 Rb7+ 35. Kc3 a5 36.
Kd4 a4 37. Ke5 Bb3 38. Rc3 Kf7 39. Rf3+ Ke8 40. h4 Rb5 41. Kd4 Be6 42. e5 Kd7 43.
Rg3 g5 44. hxg5 hxg5 45. Rxg5 Bf7 46. Rf5 Be6 47. Rh5 Rb1 48. Rh7+ Kd8 49. Re7 Rd1+ 50. Ke3 Bd7 51. Ke2 Rd5 52. Bb6+ Kc8 53. Ke3 a3 54. e6 Re5+ 55. Kd4 Rxe6 56. Rxe6 Bxe6 57. Kc3 a2 58. Kb2 Bd5 59. g4 Kd7 60. Bc5 Ke6 61. g5 Be4 62. Kxa2 Kd7 63. Ka3 Bg6 64. Kb4 Ke6 65.
Kc3 Bf5 66. Kd4 Bg6 67. Kc4 Bf5 68. Kb4 Bg6 69. Ka5 Kd7 70. Kb6 Bf5 71. Bb4 Bg6 72.
Kc5 Bf5 73. Kd4 Ke6 74. Ke3 Bg6 75. Kf4 Bh5 76. Bc5 Bg6 77. Kg4 Ke5 78. Bb4 Ke6 79. Kf4 Bh5 80. Kg3 Bg6 81. Kg4 Kd7 82. Kf4 Ke6 83. Bc5 Bh5 84. Kg3 Bg6 85. Kh4 Kd7 86.
Kg4 Ke6 87. Kf4 Bh5 88. Ke4 Bg6+ 89. Kd4 Bh5 90. Bb4 Bg6 91. Kc5 Kd7 92. Bd2 Bh5 93.
Bf4 Bg6 94. Kd4 Ke6 95. Kc4 Bh5 96. Kd4 Bg6 97. Ke3 Bh5 98. Ke4 Bg6+ 99. Kf3 Bh5+ 100.
Kg3 Bg6 101. Kg4 Kd7 102. Be5 Ke6 103. Kf4 Bh5 104. Ke4 Bg6+ 105. Kd4 Kd7 106. Bf4 Ke6 1/2-1/2

[Event "Late-Titled-Tuesday-Blitz-March-12-2024"]
[Site "Chess.com"]
[Date "2024.03.12"]
[Round "9"]
[White "HaryKane"]
[Black "lamomiajunior"]
[Result "1/2-1/2"]
[WhiteElo "2608"]
[BlackElo "2779"]
[TimeControl "180+1"]
[EndTime "15:44:24 PDT"]
[Termination "Game drawn by repetition"]

1. d4 g6 2. e3 Bg7 3. f4 Nf6 4.
Nf3 d6 5. Bd3 O-O 6. e4 b6 7.
O-O Bb7 8. Qe2 c5 9. c3 cxd4 10. cxd4 Nc6 11. Nc3 Rc8 12. a3 Na5 13. Be3 d5 14. e5 Ne4 15. Bxe4 dxe4 16. Nd2 Nb3 17. Nxb3 Qd7 18. Rad1 e6 19. d5 exd5 20. Nd4 Rc4 21. Nxe4 Ba6 22. Nf6+ Bxf6 23. exf6 Re8 24. Qf2 Qg4 25.
h3 Qh5 26. Rfe1 Re4 27. f5 Bc8 28. fxg6 hxg6 29. Rc1 b5 30. b3 Rxc1 31. Rxc1 Bxh3 32. gxh3 Qxh3 33. Bf4 g5 34. Qf3 Qxf3 35. Nxf3 Rxf4 36.
Rc8+ Kh7 37. Nxg5+ Kg6 38. Nh3 Rf3 39. Kg2 Rxb3 40.
Rc6 Rxa3 41. Nf4+ Kf5 42. Nxd5 a5 43. Kf2 b4 44. Ne3+ Ke4 45. Nc4 Ra2+ 46. Ke1 b3 47. Kd1 a4 48. Rc7 a3 49. Nd2+ Kd3 50. Nxb3 Rb2 51.
Nc1+ Ke3 52. Rxf7 Rd2+ 53. Ke1 Rc2 54. Re7+ Kf3 55. Ne2 Rc8 56. f7 a2 57. Ra7 Rf8 58. Rxa2 Rxf7 59. Ra3+ Ke4 60. Ra4+ Kd3 61. Ra3+ Kc4 62.
Rg3 Rd7 63. Rc3+ Kb4 64. Rc1 Re7 65. Kd2 Rd7+ 66. Ke3 Re7+ 67. Kd3 Rd7+ 68. Nd4 Ka5 69. Rb1 Rc7 70. Ke4 Ka4 71. Kd5 Rd7+ 72. Kc5 Rc7+ 73. Nc6 Ka3 74. Rb6 Rh7 75. Kc4 Rh4+ 76. Nd4 Ka2 77.
Kc3 Rh3+ 78. Kc4 Rh4 79. Rb5 Rg4 80. Kd3 Rg3+ 81. Kd2 Rg2+ 82. Ne2 Ka3 83. Kd3 Rh2 84. Rb8 Rh3+ 85. Kc4 Rh4+ 86. Nd4 Ka2 87. Kc3 Rh3+ 88. Kc4 Rh4 89. Ra8+ Kb2 90. Rb8+ Ka2 1/2-1/2

[Event "Late-Titled-Tuesday-Blitz-March-12-2024"]
[Site "Chess.com"]
[Date "2024.03.12"]
[Round "9"]
[White "MikaelyanArman"]
[Black "Msb2"]
[Result "1-0"]
[WhiteElo "2866"]
[BlackElo "3014"]
[TimeControl "180+1"]
[EndTime "15:44:30 PDT"]
[Termination "MikaelyanArman won by checkmate"]

1. d4 d5 2. Nf3 e6 3. c4 Nf6 4. g3 Nc6 5. Bg2 Bd6 6. Nc3 O-O 7. b3 dxc4 8. bxc4 Bb4 9. Bb2 e5 10. d5 Na5 11. Nxe5 Qe7 12. f4 Ng4 13. Qd3 Nxe5 14. fxe5 Qxe5 15. O-O Bg4 16. a3 Bc5+ 17. Kh1 Qe3 18. Ne4 Bb6 19. c5 Bxc5 20. Nxc5 Qxc5 21. Bd4 Qc4 22. Qxc4 Nxc4 23. Rac1 b5 24. d6 Rad8 25.
Bxa7 cxd6 26. a4 Nd2 27. Rf4 Bxe2 28. Rc2 bxa4 29. Rxd2 Bb5 30. Bd4 f6 31. Bd5+ Kh8 32. Kg2 Rc8 33. Rb2 Bc6 34. Bxc6 Rxc6 35. Bf2 Ra6 36. Ra2 Rfa8 37. Be1 Kg8 38. Bb4 Kf7 39. Ba3 Rc6 40. Rb4 Ra7 41. Rab2 g5 42. Rb7+ Rxb7 43. Rxb7+ Kg6 44. Ra7 Rc4 45. Bxd6 h5 46. h3 Kf5 47. Ra5+ Ke4 48. g4 Rc2+ 49. Kg1 Rc1+ 50. Kg2 Rc2+ 51. Kg1 h4 52. Rxa4+ Kd5 53. Be7 Rc1+ 54. Kg2 Rc2+ 55. Kg1 Rc1+ 56. Kf2 Rc2+ 57. Kf1 Rc1+ 58. Ke2 Rc2+ 59.
Kd1 Rc3 60. Bxf6 Rxh3 61. Bxg5 Rh1+ 62. Ke2 h3 63. Kf3 Rg1 64. Bf4 Ke6 65. Ra5 Kf7 66. Rh5 Rf1+ 67. Kg3 Rg1+ 68. Kf3 Rf1+ 69. Kg3 Rg1+ 70.
Kxh3 Kg6 71. Rh6+ Kg7 72. Ra6 Rf1 73. Be5+ Kh7 74. Kh4 Re1 75. Bf4 Rb1 76. Kh5 Rb5+ 77.
g5 Kg7 78. Ra7+ Kg8 79. Kh6 Rf5 80. Be3 Rf3 81. Bd4 Rf4 82. Ra8+ Kf7 83. g6+ Ke6 84. g7 Rh4+ 85. Kg5 Rxd4 86. g8=Q+ Ke5 87. Re8+ Kd6 88. Rd8+ Kc5 89. Rxd4 Kxd4 90. Qe8 Kc5 91. Kf5 Kc4 92. Ke5 Kc3 93. Qd7 Kc2 94. Ke4 Kc3 95. Qc6+ Kb4 96. Kd4 Ka5 97. Qb7 Ka4 98. Kc4 Ka3 99. Qb3# 1-0

[Event "Late-Titled-Tuesday-Blitz-March-12-2024"]
[Site "Chess.com"]
[Date "2024.03.12"]
[Round "9"]
[White "Heydarli77"]
[Black "yaguigor"]
[Result "0-1"]
[WhiteElo "2400"]
[BlackElo "2595"]
[TimeControl "180+1"]
[EndTime "15:44:41 PDT"]
[Termination "yaguigor won by resignation"]

1. d4 Nf6 2. Nf3 d5 3. c4 e6 4.
Nc3 c6 5. cxd5 exd5 6. Bg5 h6 7. Bh4 Bf5 8. e3 Nbd7 9. Bd3 Bxd3 10. Qxd3 Be7 11. O-O O-O 12. Rab1 a5 13. a3 Ne4 14. Nxe4 Bxh4 15. Nd6 Be7 16. Nxb7 Qb6 17. Nc5 Bxc5 18.
dxc5 Nxc5 19. Qd4 Nd7 20. Rfc1 Rfc8 21. Qg4 Nf6 22. Qf5 c5 23. h3 Rc7 24. Rc2 a4 25. g4 Ra5 26. h4 Qe6 27. Qxe6 fxe6 28. g5 Ne4 29. gxh6 gxh6 30. Nd2 Nxd2 31. Rxd2 Rb5 32.
Rc1 Kf7 33. Kg2 Kf6 34. Kf3 Rcb7 35. Rcc2 c4 36. e4 Ke5 37. exd5 exd5 38. Re2+ Kd4 39. Rcd2+ Kc5 40. Re5 Rf7+ 41. Ke3 Kd6 42. Rh5 Re7+ 43. Kd4 Re4+ 44. Kc3 Re6 45. f4 Kc6 46. Re5 Rf6 47. Kd4 Rxf4+ 48. Ke3 Rf6 49. Kd4 Rd6 50. Ke3 Rb3+ 51.
Kf4 Rh3 52. Kg4 Rb3 53. Re8 Kc5 54. Rc8+ Rc6 55. Rd8 Rd3 56. Re2 Rg6+ 57. Kf5 Rd6 58. Rc8+ Kd4 59. Ra8 Rd1 60. Rxa4 Rf1+ 61. Kg4 Kd3 62.
Rg2 Re6 63. Ra5 Rg6+ 64. Kh3 Rf3+ 65. Kh2 Rxg2+ 66. Kxg2 Rf5 67. a4 h5 68. Rc5 Kd4 69. Rb5 Rf4 70. Kg3 Rg4+ 71. Kh3 Re4 72. a5 Re1 73. a6 Ra1 74. Rb6 Kc5 75. Rh6 d4 76. Rxh5+ Kb4 77. Rd5 d3 78. h5 Rxa6 79. Kg4 Kb3 80.
Rb5+ Kc2 81. Rb4 d2 82. Rxc4+ Kxb2 83. Rd4 Ra5 84. h6 Ra4 85. Rxa4 d1=Q+ 86. Kg5 Qxa4 87.
Kg6 Qe8+ 88. Kg7 Qe7+ 89. Kg8 Qg5+ 90. Kh7 Kc3 0-1

[Event "Late-Titled-Tuesday-Blitz-March-12-2024"]
[Site "Chess.com"]
[Date "2024.03.12"]
[Round "9"]
[White "Smoking_Crow"]
[Black "Moultino06"]
[Result "1/2-1/2"]
[WhiteElo "2643"]
[BlackElo "2813"]
[TimeControl "180+1"]
[EndTime "15:44:50 PDT"]
[Termination "Game drawn - insufficient material"]

1. e4 Nc6 2. Nf3 d6 3. Bb5 Nf6 4. Nc3 g6 5. d4 a6 6. Bxc6+ bxc6 7. h3 Bg7 8. Be3 Rb8 9. b3 O-O 10. Qd2 d5 11. e5 Ne4 12. Nxe4 dxe4 13. Ng5 c5 14.
Nxe4 cxd4 15. Qxd4 Bb7 16. f3 Qxd4 17. Bxd4 Bxe4 18.
fxe4 Rb5 19. c4 Ra5 20. Bc3 Rc5 21. Bd4 Ra5 22. Bc3 Rc5 23. O-O-O Bxe5 24. Bxe5 Rxe5 25.
Rhe1 Rc8 26. Rd5 Re6 27. e5 f6 28. Red1 fxe5 29. Re1 e4 30. Rd4 Kf7 31. Rdxe4 Rxe4 32.
Rxe4 e6 33. Re5 c5 34. Kd2 Kf6 35. Re3 Rd8+ 36. Ke2 e5 37. Rf3+ Ke6 38. a3 a5 39.
Rc3 e4 40. Ke3 Ke5 41. Ke2 Kd4 42. Rc2 e3 43. Rc1 Ke4 44. Rc2 Rd3 45. Rb2 Rc3 46. b4 axb4 47. axb4 cxb4 48. c5 Rc4 49. c6 Kd4 50. c7 Kc3 51. Rb1 Kd4 52. Rxb4 Rxb4 53. c8=Q Rb2+ 54. Kf3 Rf2+ 55. Kg3 Rf5 56. Qd7+ Kc3 57.
Qc7+ Kd2 58. Qd6+ Ke1 59. Qb4+ Kd1 60. Qd4+ Ke2 61. h4 h5 62. Qe4 Kd2 63. Qd4+ Ke2 64. Qd6 Ke1 65. Qxg6 Rf2 66. Qxh5 e2 67. Qa5+ Kf1 68.
Qb5 Kg1 69. Qb1+ Rf1 70. Qb6+ Kh1 71. Kh3 e1=Q 72. Qc6 Qe3+ 73. g3+ Qf3 74. Qc2 Qf2 75. Qc6+ Qf3 76. Qc2 Qf2 77. Qxf2 Rxf2 78. h5 Rh2+ 79. Kg4 Kg2 80. Kg5 Kxg3 81. h6 Kf3 82. Kg6 Kf4 83.
h7 Ke5 84. Kg7 Ke6 85. h8=Q Rxh8 86. Kxh8 1/2-1/2

[Event "Late-Titled-Tuesday-Blitz-March-12-2024"]
[Site "Chess.com"]
[Date "2024.03.12"]
[Round "9"]
[White "artin10862"]
[Black "Sina_Movahed"]
[Result "0-1"]
[WhiteElo "2893"]
[BlackElo "3040"]
[TimeControl "180+1"]
[EndTime "15:44:59 PDT"]
[Termination "Sina_Movahed won by checkmate"]

1. d4 Nf6 2. Nf3 g6 3. Bf4 Bg7 4. Nc3 O-O 5. e4 d6 6. Be2 Bg4 7. O-O Nc6 8. d5 Bxf3 9. Bxf3 Ne5 10. Be2 c6 11. Bxe5 dxe5 12. dxc6 bxc6 13. Bc4 Qb6 14. Bb3 e6 15. Qe2 Rfd8 16. Na4 Qb4 17. Rfe1 h5 18.
c3 Qe7 19. Rad1 Bh6 20. g3 Kg7 21. Bc4 h4 22. Kg2 Bg5 23. b4 Rh8 24. Nc5 a5 25. Qf3 axb4 26. cxb4 h3+ 27. Kg1 Rhd8 28. a3 Bd2 29.
Rf1 Rd4 30. Qe2 Rad8 31. Kh1 Kg8 32. f3 Kg7 33. Nb3 Bc3 34. Nxd4 Bxd4 35. Qc2 Qa7 36.
Rd3 Ne8 37. Ba2 Qa6 38. Rfd1 Ra8 39. Bc4 Qa7 40. Rb3 Nd6 41. Bf1 Qb6 42. Bxh3 Nb5 43. Qc1 Rh8 44. Kg2 Qa6 45. Qc4 Qa4 46. Rdd3 Nd6 47.
Qc2 c5 48. bxc5 Rc8 49. Rbc3 Qa5 50. cxd6 Rxc3 51. Rxc3 Bxc3 52. d7 Bd4 53. Kf1 Qb5+ 54. Qe2 Qb1+ 55. Qe1 Qb5+ 56. Qe2 Qxd7 57. Qc4 Qb7 58. Qd3 Qb2 59. Qe2 Qc1+ 60. Qe1 Qxa3 61. Qe2 Qc1+ 62. Qe1 Qc3 63. Qe2 f5 64. Kg2 Kf6 65.
Kh1 Qc1+ 66. Bf1 f4 67. Kg2 g5 68. Kh3 Bb6 69. Kg2 Qc5 70. Kh3 Kg6 71. Qc4 Qe7 72.
Kg4 Kf6 73. Qc6 Bd4 74. Bc4 Qf7 75. Qd6 Qg8 76. Qd7 Bc3 77. Qc7 Bd4 78. Qd7 Bb2 79.
Bb3 Bd4 80. Qc7 Bb2 81. Qd6 Bd4 82. h3 fxg3 83. Kxg3 Be3 84. Kg4 Bf4 85. Qd7 Be3 86. Qc7 Qh8 87. f4 Qh4+ 88. Kf3 Qf2+ 89. Kg4 Qxf4+ 90.
Kh5 Qh4# 0-1

[Event "Late-Titled-Tuesday-Blitz-March-12-2024"]
[Site "Chess.com"]
[Date "2024.03.12"]
[Round "9"]
[White "tptagain"]
[Black "MyDream003"]
[Result "1/2-1/2"]
[WhiteElo "2967"]
[BlackElo "2788"]
[TimeControl "180+1"]
[EndTime "15:45:03 PDT"]
[Termination "Game drawn by repetition"]

1. Nf3 Nf6 2. d4 e6 3. Bg5 d5 4.
Nbd2 Be7 5. e3 O-O 6. Bd3 Nbd7 7.
c3 c5 8. O-O Qc7 9. Rc1 c4 10. Bb1 Bd6 11. e4 dxe4 12. Bxe4 Nxe4 13. Nxe4 b6 14. d5 e5 15. Re1 Bb7 16. Qa4 Bxd5 17. Nxd6 Qxd6 18. Rcd1 Nc5 19. Qxc4 Bxc4 20. Rxd6 f6 21.
Be3 Nd3 22. Rb1 Bxa2 23. Ra1 Bf7 24. Rxd3 e4 25. Rd7 exf3 26. gxf3 a6 27. Rd6 b5 28. Raxa6 Rxa6 29. Rxa6 Bc4 30. Ra7 h6 31. Kg2 Rf7 32. Ra8+ Kh7 33. Rb8 Rd7 34. b3 Bxb3 35. Rxb5 Bf7 36.
Rc5 Rb7 37. Kg3 Be6 38. h4 Kg6 39. Rc6 Kf7 40. c4 Rb8 41. c5 Rc8 42. Ra6 Bd5 43.
Ra7+ Kg6 44. h5+ Kxh5 45. Rxg7 Rg8 46. Rxg8 Bxg8 47. c6 Be6 48. c7 Kg6 49. Kf4 h5 50.
Ke4 Kf7 51. f4 Bc8 52. f5 Bb7+ 53. Kf4 Bc8 54. Bd4 Bb7 55. Kg3 Bc8 56. Kh4 Bxf5 57.
Kxh5 Bc8 58. Kh6 Bb7 59. Kh5 Bc8 60. Kh4 Ke6 61. Bc3 Kf7 62. Kg3 Ke6 63. Kf4 f5 64. Kg5 Bb7 65. f4 Bc8 66. Be5 Ke7 67. Kg6 Bd7 68. Bf6+ Ke6 69. Bg5 Bc8 70. Kg7 Kd5 71. Kf7 Kd6 72. Bd8 Kd7 73. Kf8 Kc6 74. Ke7 Kb7 75. Kd6 Ka6 76. Kc6 Ka7 77. Bf6 Ka8 78.
Bd4 Be6 79. Kb6 Bc8 80. Kc6 Be6 81. Be3 Bc8 82. Kd6 Kb7 83. Bd4 Ka6 84. Ke7 Kb7 85. Kd8 Be6 86. Be3 Bc8 87. Bc5 Be6 88. Bd4 Bc8 89. Ke7 Ka6 90. Be5 Kb7 91. Kd8 Be6 92. Ke7 Bc8 93. Kd8 Be6 94. Ke7 Bc8 1/2-1/2

[Event "Late-Titled-Tuesday-Blitz-March-12-2024"]
[Site "Chess.com"]
[Date "2024.03.12"]
[Round "9"]
[White "NovakRatko"]
[Black "SlavenPastar"]
[Result "0-1"]
[WhiteElo "2408"]
[BlackElo "2566"]
[TimeControl "180+1"]
[EndTime "15:45:55 PDT"]
[Termination "SlavenPastar won by checkmate"]

1. d4 b6 2. c4 Bb7 3. Nc3 Nf6 4. f3 d5 5. Bg5 Nbd7 6. e3 h6 7. Bh4 g6 8. Bd3 Bg7 9. Nge2 O-O 10. O-O e5 11.
Nxd5 Bxd5 12. cxd5 g5 13. Bf2 Nxd5 14. dxe5 Nxe5 15.
Be4 c6 16. Qb3 f5 17. Bxd5+ Qxd5 18. Qxd5+ cxd5 19. Rfd1 Rfd8 20. Rac1 Rac8 21. Rxc8 Rxc8 22. Rxd5 Rc2 23. Kf1 Rxb2 24. Nd4 Nd3 25. Bg3 f4 26. exf4 gxf4 27. Bh4 Ne5 28. Ne6 Nc4 29. Rd8+ Kf7 30. Nxg7 Ne3+ 31. Ke1 Nxg2+ 32. Kd1 Kxg7 33. Rd7+ Kg6 34.
Bd8 Ne3+ 35. Kc1 Rxa2 36. Kb1 Rxh2 37. Rxa7 Rf2 38. Bxb6 Rxf3 39. Ra6 Kf5 40. Kc1 h5 41. Kd2 Rf2+ 42. Ke1 Rc2 43. Ra4 h4 44. Bc7 f3 45.
Rf4+ Kg5 46. Rxf3 Ng4 47. Bf4+ Kf5 48. Bd2+ Kg6 49. Kd1 Ra2 50. Rf4 Kh5 51. Rf5+ Kg6 52. Rg5+ Kf6 53. Rxg4 h3 54. Rh4 Kf5 55. Rxh3 Ke4 56.
Rb3 Kd4 57. Ke2 Ke4 58. Rb4+ Kd5 59. Kd3 Ra3+ 60. Bc3 Ra2 61. Rb5+ Kc6 62. Rf5 Rg2 63. Kc4 Rg6 64. Bd4 Re6 65. Ra5 Kd7 66. Rc5 Kd6 67. Ra5 Kc6 68. Ra6+ Kd7 69. Ra7+ Kc6 70. Ra5 Kd7 71. Kd5 Rd6+ 72. Kc5 Rc6+ 73. Kd5 Rd6+ 74. Ke5 Re6+ 75. Kf5 Rd6 76. Be5 Rb6 77. Ke4 Kc6 78. Bd4 Rb3 79. Ra6+ Kb5 80. Ra8 Kc4 81. Rc8+ Kb5 82.
Kd5 Kb4 83. Ra8 Kb5 84. Rb8+ Ka4 85. Ra8+ Kb5 86. Ra7 Kb4 87. Bc5+ Kb5 88. Bd4 Kb4 89. Ke4 Kc4 90. Rc7+ Kb4 91. Kd5 Kb5 92. Rb7+ Ka4 93. Kc4 Rxb7 94. Bc5 Rc7 95. Kd5 Rc8 96. Bd6 Kb5 97.
Ke5 Rc1 98. Kd5 Rd1+ 99. Ke5 Kc6 100. Bb4 Rd3 101. Ke4 Rb3 102. Bd2 Kc5 103. Be3+ Kc4 104. Bd2 Rb7 105. Be3 Re7+ 106. Kf3 Kd3 107. Bf4 Rf7 108. Kg3 Rh7 109. Bc7 Ke4 110. Bb8 Ke3 111. Bd6 Rf7 112. Bc5+ Ke4 113. Bb6 Rg7+ 114. Kh2 Kf3 115. Bc7 Rxc7 116. Kg1 Rh7 117. Kf1 Rh1# 0-1

[Event "Late-Titled-Tuesday-Blitz-March-12-2024"]
[Site "Chess.com"]
[Date "2024.03.12"]
[Round "10"]
[White "Goryachkina"]
[Black "VD_coach"]
[Result "1-0"]
[WhiteElo "2655"]
[BlackElo "2495"]
[TimeControl "180+1"]
[EndTime "15:47:14 PDT"]
[Termination "Goryachkina won by checkmate"]

1. e4 c5 2. Nf3 d6 3. d4 cxd4 4. Qxd4 a6 5. Nc3 Nc6 6. Qd3 Nf6 7. Be2 e6 8. Bf4 Qc7 9. O-O-O Ne5 10. Nxe5 dxe5 11.
Bxe5 Qc6 12. Qd8# 1-0

[Event "Late-Titled-Tuesday-Blitz-March-12-2024"]
[Site "Chess.com"]
[Date "2024.03.12"]
[Round "10"]
[White "Sinquefield"]
[Black "Svet_1502"]
[Result "1-0"]
[WhiteElo "2519"]
[BlackElo "2252"]
[TimeControl "180+1"]
[EndTime "15:48:20 PDT"]
[Termination "Sinquefield won by resignation"]

1. Nf3 Nf6 2. d4 e6 3. Bg5 Be7 4. Nbd2 d5 5. e3 O-O 6. Bd3 Nbd7 7. c3 b6 8. O-O Bb7 9. Qa4 c5 10. Ne5 Nxe5 11. dxe5 Nd7 12. Qh4 1-0